 Dungeon Crawl Stone Soup version 0.27.0-1-g7a089689b8 (webtiles) character file.

Game seed: 9304400043143187608

1758 sasquatch the Carver (level 8, -1/58 HPs)
             Began as a Demonspawn Berserker on Aug 3, 2021.
             Was a High Priest of Trog.
             Slain by an orc warrior (5 damage)
             ... in a bailey.
             The game lasted 00:15:17 (10131 turns).

sasquatch the Carver (Demonspawn Berserker)        Turns: 10131, Time: 00:15:17

Health: -1/58      AC:  5    Str: 21    XL:     8   Next: 79%
Magic:  8/8        EV: 11    Int:  8    God:    Trog [*****.]
Gold:   436        SH:  4    Dex: 14    Spells: 7/7 levels left

rFire    . . .     SeeInvis +   m - +4 dagger
rCold    . . .     Faith    .   (no shield)
rNeg     . . .     Spirit   .   h - +0 ring mail
rPois    +         Reflect  .   (no helmet)
rElec    .         Harm     .   (no cloak)
rCorr    .         Rampage  .   (no gloves)
Will     .....                  (no boots)
Stlth    +.........             (no amulet)
HPRegen  0.19/turn              (no ring)
MPRegen  0.11/turn              (no ring)

@: on berserk cooldown, slowed, very slow
A: condensation shield, demonic magic 1, see invisible, high mp 1, poison
resistance, strong 1, evolution 1
a: Renounce Religion, Berserk, Trog's Hand, Brothers in Arms


You were in a bailey.
You worshipped Trog.
Trog was extremely pleased with you.
You visited 1 branch of the dungeon, and saw 7 of its levels.
You also visited: Bailey.

You collected 436 gold pieces.

Inventory:

Hand Weapons
 a - a +0 falchion
 m - a +4 dagger (weapon)
Missiles
 j - 3 javelins
 l - 19 boomerangs
 q - 23 poisoned darts (quivered)
Armour
 h - a +0 ring mail (worn)
 k - a +0 buckler
 r - a +1 plate armour
Jewellery
 d - a +6 ring of intelligence
Wands
 c - a wand of flame (24)
 p - a wand of acid (9)
 s - a wand of iceblast (7)
Scrolls
 f - 5 scrolls of identify
 i - a scroll of amnesia
 o - a scroll of holy word
Potions
 b - 2 potions of mutation
 e - a potion of might
 t - a potion of lignification {unknown}


   Skills:
 - Level 3.0 Fighting
 + Level 10.7 Long Blades
 - Level 1.7 Armour
 - Level 1.7 Dodging


You had 7 spell levels left.
You didn't know any spells.
Your spell library was empty.

Dungeon Overview and Level Annotations

Branches:
Dungeon (7/15)             Temple (0/1) D:4          Bailey (1/1)

Altars:
Kikubaaqudgha
Nemelex Xobeh
Vehumet
The Shining One

Annotations:
D:6 1 exclusion


Innate Abilities, Weirdness & Mutations

A meltable shield of frost defends you. (SH +4)
Spells you cast may paralyse adjacent enemies.
You have supernaturally acute eyesight. (SInv)
You have an increased reservoir of magic. (+10% MP)
Your system is resistant to poisons. (rPois)
Your muscles are strong. (Str +2)
You evolve.


Message History

* * * LOW HITPOINT WARNING * * *
The orc warrior hits you with a +0 hand axe!
* * * LOW HITPOINT WARNING * * *
You closely miss the orc warrior. You puncture the orc warrior!
The orc warrior is moderately wounded.
The orc warrior barely misses you. x2
You hit the orc warrior.
The orc warrior is heavily wounded.
You puncture the orc warrior!
The orc warrior is severely wounded.
You barely miss the orc warrior.
The orc warrior is severely wounded.
The orc warrior hits you with a +0 war axe.
* * * LOW HITPOINT WARNING * * *
The orc warrior barely misses you.
You miss the orc warrior.
The orc warrior is severely wounded.
You hit the orc warrior but do no damage.
The orc warrior is severely wounded.
The orc warrior misses you.
The orc warrior hits you with a +0 hand axe!
* * * LOW HITPOINT WARNING * * *
You closely miss the orc warrior.
The orc warrior is severely wounded.
You are too berserk!
You puncture the orc warrior!
You kill the orc warrior!
Trog accepts your kill.
You are no longer berserk.
You are exhausted.
You feel yourself slow down. You block the orc warrior's attack.
You feel better.
The orc warrior hits you with a +0 war axe!
* * * LOW HITPOINT WARNING * * *
You feel better.
The orc warrior hits you with a +0 war axe.
* * * LOW HITPOINT WARNING * * *
The orc warrior hits you with a +0 war axe.
You die...

####
###._.####
./!...?).###
......o)...##
......)@....#
.......)....#
...........##
.........###
###...####
##+#


You could see an orc warrior.

Vanquished Creatures
  2 water moccasins (D:5)
  2 orc warriors (Bailey)
  An ogre (D:4)
  A necrophage (D:5)
  2 centaurs
  Blork the orc (D:5)
  A bullfrog (D:6)
  3 scorpions
  A bullfrog zombie (D:6)
  A howler monkey (D:5)
  2 orc priests (D:5)
  A bullfrog skeleton (D:6)
  3 iguanas
  Natasha (twice) (D:2)
  An orc wizard (D:5)
  A hound skeleton (D:5)
  11 gnolls
  6 adders
  2 river rats (D:6)
  An ufetubus (D:7)
  5 worms
  4 dart slugs
  15 orcs
  9 ball pythons
  4 bats
  8 endoplasms
  7 giant cockroaches
  36 goblins
  32 hobgoblins
  6 jackals (D:1)
  20 kobolds
  3 quokkas (D:1)
  A frilled lizard (D:2)
  6 rats
201 creatures vanquished.

Vanquished Creatures (others)
  3 plants
3 creatures vanquished.

Grand Total: 204 creatures vanquished

Notes
Turn   | Place    | Note
-------+----------+-------------------------------------------
     0 | D:1      | sasquatch the Demonspawn Berserker began the quest for the
                  | Orb.
     0 | D:1      | Reached XP level 1. HP: 18/18 MP: 1/1
    31 | D:1      | Reached skill level 3 in Long Blades
   179 | D:1      | Gained mutation: A meltable shield of frost defends you.
                  | (SH +4) [demonic ancestry]
   179 | D:1      | Reached XP level 2. HP: 13/24 MP: 2/2
   884 | D:1      | Found a faded altar of an unknown god.
  1069 | D:1      | Reached ** piety under Trog
  1071 | D:1      | Reached XP level 3. HP: 24/29 MP: 3/3
  1348 | D:1      | Reached skill level 4 in Long Blades
  2006 | D:2      | Reached XP level 4. HP: 35/35 MP: 4/4
  2220 | D:2      | Noticed Natasha
  2236 | D:2      | Killed Natasha
  2404 | D:2      | Reached skill level 5 in Long Blades
  2538 | D:2      | Noticed Natasha
  2546 | D:2      | Killed Natasha
  2547 | D:2      | Reached XP level 5. HP: 41/41 MP: 5/5
  3028 | D:3      | Found an ancient bone altar of Kikubaaqudgha.
  3028 | D:3      | Found a radiant altar of Vehumet.
  3029 | D:3      | Found a sparkling altar of Nemelex Xobeh.
  3035 | D:3      | Reached *** piety under Trog
  3729 | D:4      | Found a staircase to the Ecumenical Temple.
  4008 | D:4      | Noticed a centaur
  4017 | D:4      | Killed a centaur
  4018 | D:4      | Reached skill level 6 in Long Blades
  4018 | D:4      | Reached XP level 6. HP: 24/47 MP: 6/6
  4523 | D:5      | Entered Level 5 of the Dungeon
  4574 | D:5      | Reached skill level 7 in Long Blades
  5074 | D:5      | Noticed Blork the orc
  5088 | D:5      | Killed Blork the orc
  5089 | D:5      | Gained mutation: Spells you cast may paralyse adjacent
                  | enemies. [demonic ancestry]
  5089 | D:5      | Reached XP level 7. HP: 52/52 MP: 7/7
  5628 | D:5      | Reached skill level 8 in Long Blades
  5704 | D:5      | Gained mutation: You have an increased reservoir of magic.
                  | (+10% MP) [potion of mutation]
  5704 | D:5      | Gained mutation: Your muscles are strong. (Str +2) [potion
                  | of mutation]
  5704 | D:5      | Gained mutation: You evolve. [potion of mutation]
  5704 | D:5      | Gained mutation: You have supernaturally acute eyesight.
                  | (SInv) [potion of mutation]
  6122 | D:5      | Reached skill level 9 in Long Blades
  6122 | D:5      | Reached XP level 8. HP: 58/58 MP: 8/8
  6836 | D:6      | Reached **** piety under Trog
  7823 | D:6      | Gained mutation: Your system is resistant to poisons.
                  | (rPois) [evolution]
  8802 | D:6      | Reached skill level 10 in Long Blades
  9615 | D:6      | Reached ***** piety under Trog
 10036 | D:7      | Found a flagged portal.
 10045 | Bailey   | Entered a bailey
 10105 | Bailey   | Found an iron altar of Okawaru.
 10127 | Bailey   | HP: 2/87 [orc warrior (12)]
 10131 | Bailey   | Slain by an orc warrior

Illustrated notes

Levels and vault maps discovered:
D:1:      amcnicky_arrival_underground_garden, layout_loops_ring,
          ebering_ecumenical_altar_ruins, serial_bayou_lagoon_a,
          minmay_stone_trees_large, minmay_worlds_worst_comb
D:2:      layout_loops_ring, uniq_natasha
D:3:      layout_basic, gammafunk_temple_overflow_claw, serial_rivers,
          chequers_serial_rivers_micro_e, chequers_serial_rivers_micro_b,
          chequers_serial_rivers_large_a, chequers_serial_rivers_micro_b
D:4:      layout_loops_ring, tso_oasis_becter, minmay_temple_entry_butterflies
D:5:      layout_loops_corners, amcnicky_mini_pool_small,
          kennysheep_generic_room_8, uniq_blork_the_orc
D:6:      minmay_goblin_kobold_castle, layout_basic, lightli_sewer_entry_pipes
D:7:      layout_cave_pods, enter_bailey_2
Bailey:   bailey_axe_3, bailey

Skill      XL: |  1  2  3  4  5  6  7  8 |
---------------+-------------------------+-----
Long Blades    | 3 4 5 6 7 9 10 | 10.7
Fighting       | |  3.0
Armour         | |  1.7
Dodging        | |  1.7

Action                   |  1- 3 |  4- 6 |  7- 9 || total
-------------------------+-------+-------+-------++-------
Melee: Falchion          |   157 |   197 |   343 ||   697
       Dagger            |       |       |    25 ||    25
Throw: Dart              |       |     3 |    17 ||    20
Invok: Berserk           |     1 |     7 |     9 ||    17
  Use: Potion            |       |       |     6 ||     6
       Scroll            |       |       |     8 ||     8
 Stab: Sleeping          |     1 |       |       ||     1
Armor: Animal skin       |    18 |       |       ||    18
       Ring mail         |    28 |    41 |    74 ||   143
Dodge: Dodged            |    90 |    96 |   180 ||   366
Block: Other             |    20 |    41 |    43 ||   104
       Rpst.: Falchion   |    17 |    25 |    50 ||    92
